 Dungeon Crawl Stone Soup version 0.31-a0-1118-gbca3d03946 (webtiles) character file.

Game seed: 5020455815254875384

6312 gruber the Markskobold (level 11, -4/57 HPs)
             Began as a Kobold Hunter on Dec 4, 2023.
             Was a Follower of Hepliaklqana.
             Slain by a meliai
             ... wielding a +0 war axe
              (7 damage)
             ... on level 13 of the Dungeon.
             The game lasted 00:10:31 (8447 turns).

gruber the Markskobold (Kobold Hunter)              Turns: 8447, Time: 00:10:33

Health: -4/57      AC:  8    Str:  8    XL:     11   Next: 16%
Magic:  15/15      EV: 29    Int: 11    God:    Hepliaklqana [*.....]
Gold:   458        SH:  0    Dex: 26    Spells: 10/10 levels left

rFire   . . .        k - +4 sling
rCold   + . .        (no shield)
rNeg    . . .        H - +0 troll leather armour
rPois   .            n - +2 helmet "Zuynegez" {rC+ Dex+3 SInv}
rElec   .            F - +0 cloak
rCorr   .            i - +0 pair of gloves
SInv    +            (no boots)
Will    .....        (no amulet)
Stlth   +++          d - +5 ring of evasion
HPRegen 1.09/turn    (no ring)
MPRegen 0.14/turn

%: no passive effects
@: hasted, very quick
A: reduced essence, small, no large weapons, nightstalker 3
a: Renounce Religion, Recall Ancestor, Ancestor Identity


You were on level 13 of the Dungeon.
You worshipped Hepliaklqana.
Hepliaklqana was aware of your devotion.
You visited 2 branches of the dungeon, and saw 12 of its levels.

You collected 458 gold pieces.

Inventory:

Hand Weapons
 k - a +4 sling (weapon)
 l - a +4 dagger of venom
Missiles
 u - 3 throwing nets
Armour
 i - a +0 pair of gloves (worn)
 n - the +2 helmet "Zuynegez" (worn) {rC+ Dex+3 SInv}
   (You took it off Robin on level 2 of the Dungeon)

   Dex+3:     It affects your dexterity (+3).
   rC+:       It protects you from cold.
   SInv:      It lets you see invisible.
 F - a +0 cloak (worn)
 H - a +0 troll leather armour (worn)
Jewellery
 d - a +5 ring of evasion (left hand)
Wands
 m - a wand of quicksilver (6)
 s - a wand of flame (9)
 z - a wand of polymorph (5)
 E - a wand of charming (12)
Scrolls
 a - 4 scrolls of identify {unknown}
 b - a scroll of butterflies
 e - 3 scrolls of teleportation {unknown}
 f - 4 scrolls of blinking {unknown}
 g - 3 scrolls of revelation {unknown}
 j - 2 scrolls of fear {unknown}
 r - 2 scrolls of poison {unknown}
 v - 2 scrolls of enchant armour {unknown}
 w - a scroll of amnesia {unknown}
 y - 2 scrolls of silence {unknown}
 G - a scroll of enchant weapon {unknown}
Potions
 c - a potion of invisibility {unknown}
 h - 4 potions of enlightenment
 o - a potion of might {unknown}
 p - 5 potions of haste
 q - a potion of curing
 t - 2 potions of brilliance {unknown}
 x - 2 potions of mutation {unknown}
 A - a potion of heal wounds {unknown}
 B - 2 potions of attraction {unknown}
 D - a potion of magic {unknown}


   Skills:
 - Level 6.2 Fighting
 - Level 15.1 Ranged Weapons
 - Level 11.0 Dodging
 - Level 1.3 Stealth
 * Level 5.7 Invocations


You had 10 spell levels left.
You didn't know any spells.
Your spell library was empty.

Dungeon Overview and Level Annotations

Branches:
Dungeon (10/15)            Temple (1/1) D:7
   Lair: D:8-11         Orc: D:9-12

Altars:
Ashenzari
Dithmenos
Fedhas
Gozag
Hepliaklqana
Kikubaaqudgha
Makhleb
Nemelex Xobeh
Okawaru
Qazlal
Ru
Sif Muna
Trog
Uskayaw
Vehumet
Wu Jian
Yredelemnul
Zin

Shops:
D:2 (   D:3 =   D:5 (

Annotations:
D:2 1 runed translucent door, Crazy Yiuf
D:8 2 transporters, Dirtsage's ghost, novice OpMo
D:9 1 runed translucent door, Sermion's ghost, novice HOBe


Innate Abilities, Weirdness & Mutations

Your life essence is reduced to manifest your ancestor. (-10% HP)
You are small and have problems with some larger weapons.
You are completely attuned to the shadows.


Message History

Moving in this stuff is going to be slow.
You hear an angry buzzing noise.
Unknown command.
Unknown command.
Found a plate armour.
A meliai comes into view. It is wielding a +0 hand axe.
The meliai mumbles some strange prayers to its god against you.
Something smites you! The meliai closely misses you.
The meliai barely misses you.
A meliai comes into view. It is wielding a +0 war axe.
The meliai completely misses you. x2
The meliai calls down the wrath of its god upon you.
Something smites you! The meliai completely misses you. x2
The meliai invokes the aid of its god against you.
Something smites you! The meliai closely misses you. The meliai stings you.
The meliai completely misses you. x3; The meliai stings you.
The meliai misses you. x2; The meliai hits you with a +0 hand axe.
The meliai misses you. The meliai hits you with a +0 war axe.
The meliai closely misses you.
Fire: k) +4 sling
Press: ? - help, Q - select action, (/) - cycle Shift-Dir - straight line, f - meliai
Aim: a meliai, wielding a +0 war axe and wearing a +0 robe (65% to hit)
You shoot a sling bullet. The sling bullet hits the meliai!
The meliai is moderately wounded.
The meliai calls upon its god to heal the meliai.
The meliai is healed somewhat.
A meliai comes into view. It is wielding a +0 hand axe.
The meliai misses you. The meliai closely misses you. The meliai misses you.
The meliai stings you but does no damage.
The meliai hits you with a +0 war axe!
* * * LOW HITPOINT WARNING * * *
The meliai misses you.
Okay, then.
It was a potion of haste.
You feel yourself speed up.
The meliai barely misses you. x2; The meliai hits you with a +0 war axe.
* * * LOW HITPOINT WARNING * * *
The meliai stings you.
* * * LOW HITPOINT WARNING * * *
The meliai closely misses you. x2; The meliai hits you with a +0 war axe!
You die...

~~~~~~~##
~~~~~~~~~.
~~~~~~~~~~
~~~~~~~~~~
~~~~~~~~~~
~~~~~~~~~~
[..~~~~~~~
...#y~~~~#
..yy@~~~..
...###~##
... ## ..


You could see 3 meliai.

Vanquished Creatures
  A two-headed ogre (D:8)
  Pikel (D:8)
  2 trolls
  Grinder (D:3)
  Sigmund (D:5)
  A shadow (D:10)
  A vampire (D:9)
  2 steam dragons
  An acid dragon (D:9)
  Duvessa (D:6)
  3 orc warriors
  A black bear (D:6)
  3 sky beasts (D:7)
  An ice beast (D:6)
  An ogre (D:6)
  5 centaurs
  A kobold brigand (D:8)
  A phantom (D:4)
  A lemure (D:8)
  A gnoll sergeant (D:7)
  A bullfrog (D:6)
  4 scorpions
  Dowan (D:6)
  4 killer bees (D:9)
  2 howler monkeys
  2 hounds
  3 jellies
  10 orc priests
  5 iguanas
  A sleepcap (D:6)
  Ijyb (D:5)
  Terence (D:3)
  Natasha (thrice) (D:4)
  15 orc wizards
  Robin (D:2)
  13 gnolls
  8 adders
  3 white imps
  2 worms (D:2)
  4 dart slugs
  33 orcs
  6 ball pythons
  A bat zombie (D:4)
  7 endoplasms
  22 goblins
  8 hobgoblins
  8 jackals
  5 quokkas
  5 bats
  A frilled lizard (D:3)
  15 kobolds
  10 rats
  A rat zombie (D:4)
236 creatures vanquished.

Vanquished Creatures (collateral kills)
  A troll (D:9)
  A kobold brigand (D:9)
2 creatures vanquished.

Vanquished Creatures (others)
  An ancestor (D:10)
1 creature vanquished.

Grand Total: 239 creatures vanquished

Notes
Turn   | Place    | Note
-------+----------+-------------------------------------------
     0 | D:1      | gruber the Kobold Hunter began the quest for the Orb.
     0 | D:1      | Reached XP level 1. HP: 12/12 MP: 1/1
    92 | D:1      | Reached XP level 2. HP: 17/18 MP: 2/2
   185 | D:1      | Reached skill level 6 in Ranged Weapons
   401 | D:1      | Reached XP level 3. HP: 22/22 MP: 3/3
   840 | D:2      | Reached skill level 7 in Ranged Weapons
   840 | D:2      | Reached XP level 4. HP: 12/27 MP: 4/4
   940 | D:2      | Reached skill level 8 in Ranged Weapons
   940 | D:2      | Reached XP level 5. HP: 30/31 MP: 5/5
  1153 | D:2      | Found a glowing silver altar of Zin.
  1157 | D:2      | Identified the +2 helmet "Zuynegez" {rC+ Dex+3 SInv}
  1157 | D:2      | Noticed Robin
  1186 | D:2      | Killed Robin
  1340 | D:2      | Found a runed translucent door.
  1343 | D:2      | Noticed Crazy Yiuf
  1551 | D:2      | Found Barhofac's Weapon Emporium.
  1593 | D:2      | Found a faded altar of an unknown god.
  1701 | D:2      | Reached XP level 6. HP: 36/36 MP: 6/6
  2086 | D:3      | Found Wongiyff's One-of-a-Kind Rings.
  2089 | D:3      | Noticed Grinder
  2097 | D:3      | Paralysed by Grinder for 3 turns
  2107 | D:3      | Killed Grinder
  2108 | D:3      | Reached skill level 9 in Ranged Weapons
  2108 | D:3      | Reached XP level 7. HP: 18/41 MP: 7/7
  2423 | D:3      | Noticed Terence
  2434 | D:3      | Killed Terence
  2435 | D:3      | Reached skill level 10 in Ranged Weapons
  3332 | D:4      | Noticed Natasha
  3334 | D:4      | Killed Natasha
  3426 | D:4      | Reached skill level 5 in Dodging
  3426 | D:4      | Reached XP level 8. HP: 46/46 MP: 8/8
  3669 | D:4      | Found an ancient bone altar of Kikubaaqudgha.
  3716 | D:4      | Found a bloodstained altar of Trog.
  3764 | D:4      | Found a sacrificial altar of Ru.
  3821 | D:4      | Noticed Natasha
  3828 | D:4      | Killed Natasha
  3858 | D:4      | Noticed Natasha
  3863 | D:4      | Killed Natasha
  3967 | D:5      | Entered Level 5 of the Dungeon
  4001 | D:5      | Noticed Sigmund
  4037 | D:5      | Killed Sigmund
  4059 | D:5      | Reached skill level 5 in Fighting
  4093 | D:5      | Found Kaukak's Hydra Hut.
  4095 | D:5      | Noticed a six-headed hydra
  4148 | D:5      | Noticed Ijyb
  4153 | D:5      | Killed Ijyb
  4785 | D:6      | Noticed Dowan
  4787 | D:6      | Noticed Duvessa
  4794 | D:6      | Killed Duvessa
  4795 | D:6      | Reached skill level 11 in Ranged Weapons
  4795 | D:6      | Reached XP level 9. HP: 51/55 MP: 9/9
  4797 | D:6      | Killed Dowan
  4879 | D:6      | Reached skill level 12 in Ranged Weapons
  5057 | D:6      | Reached skill level 13 in Ranged Weapons
  5766 | D:7      | Reached skill level 14 in Ranged Weapons
  5981 | D:7      | Reached XP level 10. HP: 52/60 MP: 10/10
  6070 | D:7      | Reached skill level 15 in Ranged Weapons
  6309 | D:7      | Found a hide-covered altar of Uskayaw.
  6331 | D:7      | Found a staircase to the Ecumenical Temple.
  6337 | Temple   | Entered the Ecumenical Temple
  6352 | Temple   | Became a worshipper of Hepliaklqana the Forgotten
  6676 | D:8      | Noticed a two-headed ogre
  6694 | D:8      | Noticed Dirtsage's ghost (novice OpMo)
  6694 | D:8      | Noticed a moth of wrath
  6700 | D:8      | Found a transporter.
  6730 | D:8      | Found a transporter.
  6737 | D:8      | Noticed Pikel
  6801 | D:8      | Killed Pikel
  7057 | D:8      | Noticed a two-headed ogre
  7084 | D:8      | Killed a two-headed ogre
  7085 | D:8      | Reached skill level 10 in Dodging
  7282 | D:8      | Found a broken altar of Ashenzari.
  7385 | D:8      | Found a blossoming altar of Fedhas.
  7516 | D:9      | Found an opulent altar of Gozag.
  7748 | D:9      | Reached skill level 1 in Invocations
  7799 | D:9      | Reached XP level 11. HP: 64/64 MP: 11/13
  7845 | D:9      | Reached * piety under Hepliaklqana
  7855 | D:9      | Found a runed translucent door.
  7855 | D:9      | Noticed Sermion's ghost (novice HOBe)
  8355 | D:10     | Entered Level 10 of the Dungeon
  8381 | D:10     | Reached skill level 5 in Invocations
  8441 | D:10     | You fall into a shaft and drop 3 floors!
  8447 | D:13     | Slain by a meliai

Illustrated notes

Levels and vault maps discovered:
D:1:      minmay_arrival_up_and_down, layout_loops_ring
D:2:      layout_basic, hellmonk_ecumenical_altar_inner_sanctum, serial_shops,
          nicolae_shop_behind_doors, basic_altar, uniq_robin,
          uniq_crazy_yiuf_cottage
D:3:      layout_basic, nicolae_shop_unique_rings, uniq_grinder, uniq_terence
D:4:      layout_layer_cave, trog_hazing_becter, mainiacjoe_overflow_alcove_1,
          lemuel_zombie_altar_kikubaaqudgha, uniq_natasha
D:5:      layout_cave_pools, minmay_fountain_box, doesnt_shop_hydraphobe,
          uniq_sigmund, uniq_ijyb
D:6:      layout_rooms, minmay_misc_feat_rows, kennysheep_generic_room_3,
          uniq_duvessa
D:7:      layout_cave_pools, kennysheep_mini_moat, temple_green
D:8:      layout_rooms, mainiacjoe_overflow_alcove_2,
          nicolae_overflow_crystal_walls, gammafunk_ghost_wrathful_warriors,
          uniq_pikel
D:9:      layout_long_grid, mainiacjoe_overflow_brackets,
          hellmonk_ghost_happy_afterlife, minmay_misc_feat_pillars
D:10:     layout_basic, good_gods_mini_temple,
          mainiacjoe_overflow_surrounded_room, mainiacjoe_overflow_tiny_flanked,
          uniq_urug, uniq_snorg
D:13:     layout_basic
Temple:   hellmonk_temple_beads

Skill      XL: |  1  2  3  4  5  6  7  8  9 10 11 |
---------------+----------------------------------+-----
Ranged Weapons | 6 7 8 9 10 11 14 15 | 15.1
Fighting       | 3 6 |  6.2
Dodging        | 5 6 11 | 11.0
Invocations    | 3 5 |  5.7
Stealth        | |  1.3

Action                     |  1- 3 |  4- 6 |  7- 9 | 10-12 || total
---------------------------+-------+-------+-------+-------++-------
  Melee: Dagger            |       |     3 |     7 |     4 ||    14
         Sling             |       |       |     3 |     1 ||     4
   Fire: Shortbow          |    60 |   101 |    75 |       ||   236
         Sling             |       |       |   335 |   265 ||   600
  Evoke: Wand              |       |     2 |     1 |       ||     3
    Use: Potion            |       |     3 |       |     1 ||     4
 Armour: Leather armour    |     7 |    23 |    37 |       ||    67
         Robe              |       |       |    23 |       ||    23
         Steam dragon scal |       |       |    11 |    33 ||    44
         Troll leather arm |       |       |       |    11 ||    11
  Dodge: Dodged            |     8 |    33 |   149 |   149 ||   339

Table legend: (Time is in decaauts)
 A = Elapsed time spent in this place.
 B = Non-inter-level travel time spent in this place.
 C = Inter-level travel time spent in this place.
 D = Time resting spent in this place.
 E = Time spent auto-exploring this place.
 F = Levels seen in this place.
 G = Mean time per level.
                   A        B        C        D        E       F      G
               +--------+--------+--------+--------+--------+-----+--------+
         Total |   8319 |   8047 |    272 |    147 |   6597 |  12 |  693.2 |
       Dungeon |   8289 |   8046 |    243 |    147 |   6597 |  11 |  753.5 |
        Temple |     30 |      1 |     29 |      0 |      0 |   1 |   30.0 |
               +--------+--------+--------+--------+--------+-----+--------+

Top non-repeatable levels by time:
     D:2: 1179 daAuts
     D:4: 1081 daAuts
     D:3: 962 daAuts
     D:8: 895 daAuts
     D:6: 886 daAuts
     D:9: 850 daAuts
     D:7: 805 daAuts
     D:1: 779 daAuts
     D:5: 760 daAuts
    D:10: 81 daAuts
  Temple: 30 daAuts
    D:13: 8 daAuts
